 Dungeon Crawl Stone Soup version 0.31-a0-1300-gb6740aa4e6 (webtiles) character file.

Game seed: 5008019649153747985

3630 Maratek the Fighter (level 9, -2/85 HPs)
             Began as a Minotaur Fighter on Dec 18, 2023.
             Was a Follower of Qazlal.
             Killed from afar by a rime drake (12 damage)
             ... with an icy flash freeze
             ... on level 8 of the Dungeon.
             The game lasted 00:10:36 (5024 turns).

Maratek the Fighter (Minotaur Fighter)              Turns: 5024, Time: 00:10:36

Health: -2/85      AC: 19    Str: 22    XL:     9   Next: 87%
Magic:  17/17      EV: 12    Int:  9    God:    Qazlal [*.....]
Gold:   500        SH:  3    Dex:  9    Spells: 8/8 levels left

rFire   . . .        o - +8 frozen axe "Frostbite" {freeze, freezing cloud, *Noise Fly rC+}
rCold   + . .        (shield currently unavailable)
rNeg    . . .        B - +1 chain mail
rPois   +            j - +2 hat {Stlth+}
rElec   .            (no cloak)
rCorr   .            (no gloves)
SInv    .            e - +2 pair of boots
Will    .....        v - amulet of regeneration Stlth
                     u - ring of poison resistance
HPRegen 1.14/turn    z - ring of the Octopus King {HP+2 MP+9 AC+2 EV+2 SH+2}
MPRegen 0.15/turn

%: no passive effects
@: flying
A: horns 2, retaliatory headbutt
a: Renounce Religion


You were on level 8 of the Dungeon.
You worshipped Qazlal.
Qazlal was aware of your devotion.
You visited 2 branches of the dungeon, and saw 10 of its levels.

You collected 500 gold pieces.

Inventory:

Hand Weapons
 a - a +0 war axe
 o - the +8 frozen axe "Frostbite" (weapon) {freeze, freezing cloud, *Noise Fly rC+}
   (You acquired it on level 5 of the Dungeon)

   rC+:       It protects you from cold.
   Fly:       It grants you flight.
   *Noise:    It may make a loud noise when swung.
Armour
 e - a +2 pair of boots (worn)
 j - a +2 hat of stealth (worn)
 B - a +1 chain mail (worn)
Jewellery
 i - an amulet of faith
 m - a ring of resist corrosion
 u - a ring of poison resistance (left hand)
 v - an amulet of regeneration (around neck)
 w - a ring of flight
 z - a ring of the Octopus King (right hand) {HP+2 MP+9 AC+2 EV+2 SH+2}
   (You found it on level 7 of the Dungeon)

   [ring of magical power]

   AC+2:      It affects your AC (+2).
   EV+2:      It affects your evasion (+2).
   HP+2:      It affects your health (+2).
   MP+9:      It affects your magic capacity (+9).
   SH+2:      It affects your SH (+2).
Wands
 l - a wand of roots (9)
 n - a wand of digging (1)
 t - a wand of light (7)
Scrolls
 q - 2 scrolls of immolation
 y - a scroll of torment
 A - a scroll of noise
 C - a scroll of revelation
 D - a scroll of fog
Potions
 c - 2 potions of degeneration {unknown}
 d - a potion of might
 f - 2 potions of brilliance
 g - 3 potions of curing {unknown}
 h - 2 potions of cancellation {unknown}
 k - a potion of resistance {unknown}
 p - a potion of lignification {unknown}
 r - a potion of enlightenment {unknown}
 s - a potion of invisibility {unknown}
 x - a potion of attraction {unknown}


   Skills:
 * Level 9.3 Fighting
 * Level 8.9 Axes
 * Level 9.2 Armour
 * Level 5.9 Dodging
 - Level 6.4 Shields


You had 8 spell levels left.
You didn't know any spells.
Your spell library contained the following spells:

 Spells                   Type           Power      Damage    Failure   Level
 Slow                     Hex            0%         N/A       90%         1
 Summon Small Mammal      Summ           0%         N/A       90%         1
 Blink                    Tloc           0%         N/A       97%         2
 Call Canine Familiar     Summ           0%         N/A       99%         3
 Confusing Touch          Hex            0%         N/A       99%         3
 Sigil of Binding         Hex            0%         N/A       99%         3
 Summon Guardian Golem    Hex/Summ       0%         N/A       99%         3
 Vampiric Draining        Necr           0%         2d6       99%         3
 Manifold Assault         Tloc           0%         N/A       100%        4


Dungeon Overview and Level Annotations

Branches:
Dungeon (9/15)             Temple (1/1) D:7
   Lair: D:8-11         Orc: D:9-12

Altars:
Ashenzari
Cheibriados
Elyvilon
Fedhas
Gozag
Hepliaklqana
Kikubaaqudgha
Makhleb
Nemelex Xobeh
Qazlal
Ru
Sif Muna
Trog
Uskayaw
Vehumet
Wu Jian
Zin


Innate Abilities, Weirdness & Mutations

You have a pair of horns on your head.
You reflexively headbutt those who attack you in melee.


Message History

The wolf howls!
A rime drake comes into view.
The electric eel shoots out a bolt of lightning at you!
The bolt of electricity hits you.
The electric eel shoots out a bolt of lightning at you!
The bolt of electricity hits the electric eel.
The electric eel completely resists.
The bolt of electricity hits you.
* * * LOW HITPOINT WARNING * * *
The rime drake hisses angrily.
The electric eel shoots out a bolt of lightning at you!
The bolt of electricity hits you!
* * * LOW HITPOINT WARNING * * *
The bolt of electricity hits you but does no damage.
The orc wizard points at you and mumbles some strange words.
You are confused.
A wolf comes into view.
The electric eel shoots out a bolt of lightning at you!
The bolt of electricity hits the electric eel.
The electric eel completely resists.
The bolt of electricity misses you. The wolf bites you.
* * * LOW HITPOINT WARNING * * *
You bump into the rock wall.
The wolf bites you!
* * * LOW HITPOINT WARNING * * *
You bump into the rock wall.
The wolf closely misses you. The wolf barely misses you.
The wolf attacks as it pursues you! The wolf bites you but does no damage.
The wolf barely misses you.
You slice the wolf!! You freeze the wolf!
You kill the wolf!
Qazlal accepts your kill.
You bump into the rock wall.
You feel less confused.
The sky beast flickers out of sight!
Deactivating autopickup; reactivate with Ctrl-A.
You slice the orc wizard!! You freeze the orc wizard.
You kill the orc wizard!
Qazlal accepts your kill. The rime drake breathes ice at you.
The icy flash freeze hits you! You partially resist.
You die...

.###..... .#.....#...
.....h.......
.Y.#~Y......~
.Y......Yk..#
...Y..h.Y.[#
#......##.########
#..~##.##.Yk.)@..#
#.......#####..# ##
###..####...P..#..#
.###............~.P..#
.'...........S~~P.~. #
.###)##......S~.~~~♣
.....##......~~~≈~~P
#######......~.~~♣~.
.## #.....Po~≈≈~♣.


You could see a rime drake (catching breath) and an ice beast.

Vanquished Creatures
  A manticore (D:7)
  Jeremiah (D:7)
  A hornet (D:7)
  Sigmund (D:3)
  A spriggan (D:7)
  Menkaure (D:6)
  An acid dragon (D:8)
  A water moccasin (D:6)
  A black bear (D:6)
  3 sky beasts
  An orc warrior (D:7)
  3 ice beasts (D:8)
  A wolf (D:8)
  2 phantoms
  3 kobold brigands
  3 scorpions
  3 bullfrogs
  2 hounds
  5 iguanas
  2 sleepcaps
  4 orc wizards
  3 gnolls (D:5)
  8 adders
  A shadow imp (D:7)
  2 white imps
  A worm (D:2)
  4 dart slugs
  12 orcs
  5 ball pythons
  11 bats
  7 endoplasms
  A giant cockroach (D:3)
  10 hobgoblins
  6 jackals (D:2)
  4 quokkas
  4 goblins
  17 kobolds
  5 rats
142 creatures vanquished.

Notes
Turn   | Place    | Note
-------+----------+-------------------------------------------
     0 | D:1      | Maratek the Minotaur Fighter began the quest for the Orb.
     0 | D:1      | Reached XP level 1. HP: 19/19 MP: 0/0
    84 | D:1      | Reached XP level 2. HP: 26/27 MP: 1/1
   491 | D:2      | Reached XP level 3. HP: 30/33 MP: 2/2
   791 | D:2      | Reached XP level 4. HP: 37/40 MP: 3/3
   871 | D:2      | Found a radiant altar of Vehumet.
   877 | D:2      | Found a faded altar of an unknown god.
  1252 | D:3      | Noticed Sigmund
  1276 | D:3      | HP: 1/41 [something/puff of flame (6)]
  1282 | D:3      | Killed Sigmund
  1283 | D:3      | Reached skill level 5 in Fighting
  1283 | D:3      | Reached skill level 5 in Armour
  1283 | D:3      | Reached skill level 5 in Shields
  1283 | D:3      | Reached XP level 5. HP: 3/48 MP: 4/4
  1283 | D:3      | Reached XP level 6. HP: 3/56 MP: 5/5
  1511 | D:3      | Identified the +4 scale mail "Ariaghad" {rElec Dex-3
                  | Stlth+}
  2441 | D:5      | Entered Level 5 of the Dungeon
  2458 | D:5      | Reached skill level 5 in Axes
  2458 | D:5      | Reached XP level 7. HP: 27/62 MP: 6/6
  2478 | D:5      | Found an opulent altar of Gozag.
  2516 | D:5      | Found a glowing silver altar of Zin.
  3015 | D:5      | Identified a scroll of acquirement
  3019 | D:5      | Acquired the +8 frozen axe "Frostbite" {freeze, freezing
                  | cloud, *Noise Fly rC+}
  3019 | D:5      | Found the +8 frozen axe "Frostbite" {freeze, freezing
                  | cloud, *Noise Fly rC+}
  3238 | D:6      | Reached skill level 1 in Dodging
  3356 | D:6      | You are sucked into a shaft and drop 3 floors!
  3392 | D:8      | Found a white marble altar of Elyvilon.
  3426 | D:8      | Reached XP level 8. HP: 47/71 MP: 7/7
  3558 | D:7      | Found a staircase to the Ecumenical Temple.
  3568 | Temple   | Entered the Ecumenical Temple
  3598 | Temple   | Became a worshipper of Qazlal Stormbringer
  3888 | D:6      | Noticed Menkaure
  3890 | D:6      | Killed Menkaure
  4247 | D:7      | Found the ring of the Octopus King
  4262 | D:7      | Noticed a manticore
  4266 | D:7      | Killed a manticore
  4267 | D:7      | Reached XP level 9. HP: 75/81 MP: 8/8
  4273 | D:7      | Identified a ring of the Octopus King {HP+2 MP+9 AC+2 EV+2
                  | SH+2}
  4342 | D:7      | Noticed Jeremiah
  4380 | D:7      | Noticed a +0 spear
  4380 | D:7      | Noticed a +0 falchion
  4380 | D:7      | Noticed a +0 dagger
  4380 | D:7      | Noticed a +0 spear
  4381 | D:7      | Noticed a +0 dagger
  4405 | D:7      | Found a hide-covered altar of Uskayaw.
  4444 | D:7      | Noticed a +0 short sword
  4472 | D:7      | Reached skill level 5 in Dodging
  4472 | D:7      | Reached * piety under Qazlal
  4482 | D:7      | Noticed a +0 falchion
  4482 | D:7      | Noticed a +0 short sword
  4500 | D:7      | Killed Jeremiah
  5012 | D:8      | Noticed a rime drake
  5017 | D:8      | HP: 1/85 [wolf (9)]
  5024 | D:8      | Killed from afar by a rime drake

Illustrated notes

Levels and vault maps discovered:
D:1:      mushboom_english_gardens, layout_rooms
D:2:      layout_rooms, dreamdust_ecumenical_altar_statues, basic_altar,
          minmay_splitting_lines
D:3:      layout_rooms, uniq_sigmund
D:4:      layout_cave_pods, minmay_liquid_box
D:5:      layout_cave_pools, pdpol_temple_overflow_zin_treasury_gozag_greed,
          guppyfry_early_lair_pool
D:6:      layout_basic, uniq_menkaure
D:7:      layout_rooms, nicolae_uskayaw_en_pointe, temple_fountains,
          the_hattery, uniq_jeremiah
D:8:      layout_basic, mainiacjoe_overflow_surrounded_room,
          nicolae_overflow_hidden_temple, hellmonk_lair_entry_icy,
          serial_bayou_pond_b, roderic_lattice_a
D:9:      kennysheep_windowed_halls, layout_basic, mainiacjoe_overflow_alcove_2,
          monkooky_shop_alliterative
Temple:   nicolae_temple_figure_eight

Skill      XL: |  1  2  3  4  5  6  7  8  9 |
---------------+----------------------------+-----
Armour         | 4 5 6 8 9 |  9.2
Shields        | 4 5 6 |  6.4
Fighting       | 4 5 6 8 9 |  9.3
Axes           | 3 4 5 6 7 8 |  8.9
Dodging        | 1 4 5 |  5.9

Action                     |  1- 3 |  4- 6 |  7- 9 || total
---------------------------+-------+-------+-------++-------
  Melee: War axe           |    94 |    94 |    43 ||   231
         Headbutt          |    12 |    13 |    23 ||    48
         Executioner's axe |       |       |   106 ||   106
    Use: Scroll            |     1 |     5 |     9 ||    15
 Armour: Scale mail        |    79 |    90 |    91 ||   260
         Chain mail        |       |       |    23 ||    23
  Dodge: Dodged            |    63 |    37 |    77 ||   177
  Block: Buckler           |    28 |    18 |    13 ||    59
         Other             |       |       |     7 ||     7

Table legend: (Time is in decaauts)
 A = Elapsed time spent in this place.
 B = Non-inter-level travel time spent in this place.
 C = Inter-level travel time spent in this place.
 D = Time resting spent in this place.
 E = Time spent auto-exploring this place.
 F = Levels seen in this place.
 G = Mean time per level.
                   A        B        C        D        E       F      G
               +--------+--------+--------+--------+--------+-----+--------+
         Total |   5157 |   4878 |    279 |     93 |   3683 |  10 |  515.7 |
       Dungeon |   5079 |   4864 |    215 |     93 |   3683 |   9 |  564.3 |
        Temple |     77 |     13 |     64 |      0 |      0 |   1 |   77.0 |
               +--------+--------+--------+--------+--------+-----+--------+

Top non-repeatable levels by time:
     D:4: 798 daAuts
     D:7: 783 daAuts
     D:6: 765 daAuts
     D:5: 749 daAuts
     D:3: 640 daAuts
     D:2: 597 daAuts
     D:1: 466 daAuts
     D:8: 274 daAuts
  Temple: 77 daAuts
     D:9: 4 daAuts
